 Dungeon Crawl Stone Soup version 0.26-a0-30-g56b8cd3df0 (webtiles) character file.

Game seed: 2233514296074165314, levelgen mode: deterministic

3793 gruber the Summoner (level 10, -2/63 HPs)
             Began as a Tengu Summoner on June 1, 2020.
             Was a Priest of Okawaru.
             Killed from afar by Erica (31 damage)
             ... with a bolt of poison
             ... on level 9 of the Dungeon.
             The game lasted 00:17:09 (12654 turns).

gruber the Summoner (Tengu Summoner)               Turns: 12654, Time: 00:17:09

Health: -2/63      AC: 16    Str: 12    XL:     10   Next: 16%
Magic:  3/17       EV: 12    Int: 19    God:    Okawaru [***...]
Gold:   352        SH:  0    Dex: 20    Spells: 3/17 levels left

rFire    . . .     SeeInvis .   C - +4 scimitar (flame)
rCold    . . .     Gourm    .   (no shield)
rNeg     + . .     Faith    .   z - +9 ring mail "Hivezo" {rN+ Str+3}
rPois    .         Spirit   .   (helmet restricted)
rElec    .         Reflect  .   (no cloak)
rCorr    .         Harm     .   e - +0 pair of gloves
MR       .....                  (boots unavailable)
Stlth    ++........             (no amulet)
HPRegen  0.20/turn              u - +6 ring of dexterity
MPRegen  0.15/turn              (no ring)

@: lethally poisoned (-2 -> -18), slowed, very slow
A: beak, talons 3, able to fly
a: Fly, Heroism, Renounce Religion


You were on level 9 of the Dungeon.
You worshipped Okawaru.
Okawaru was most pleased with you.
You were not hungry.

You visited 2 branches of the dungeon, and saw 10 of its levels.

You collected 405 gold pieces.
You spent 53 gold pieces at shops.

Inventory:

Hand Weapons
 h - a +1 hand axe of draining
 l - a +0 spear
 m - a +2 hand axe of venom
 B - a +5 spear
 C - a +4 scimitar of flaming (weapon)
Missiles
 r - 7 javelins (quivered)
Armour
 a - a +0 robe
 e - a +0 pair of gloves (worn)
 z - the +9 ring mail "Hivezo" (worn) {rN+ Str+3}
   (You found it on level 6 of the Dungeon)

   It affects your strength (+3).
   It protects you from negative energy.
Jewellery
 u - a +6 ring of dexterity (left hand)
 w - an uncursed ring of fire
Wands
 y - a wand of random effects (17)
 A - a wand of clouds (1)
 F - a wand of iceblast (5)
Scrolls
 g - 4 scrolls of teleportation
 i - 2 scrolls of amnesia {unknown}
 o - 2 scrolls of enchant armour {unknown}
 q - 6 scrolls of remove curse
 t - 2 scrolls of magic mapping {unknown}
 x - 7 scrolls of identify
Potions
 b - 2 potions of heal wounds
 d - a potion of brilliance {unknown}
 f - 2 potions of mutation
 j - 3 potions of haste
 n - 6 potions of curing
 p - 2 potions of cancellation
 s - 3 potions of stabbing
 v - a potion of magic
 E - a potion of berserk rage {unknown}
Miscellaneous
 k - a lightning rod (3/4)
Comestibles
 c - 11 rations
 D - 2 chunks of flesh


   Skills:
 * Level 7.3 Fighting
 - Level 7.1 Armour
 - Level 2.6 Dodging
 - Level 2.0 Stealth
 - Level 4.2 Spellcasting
 - Level 10.5 Summonings
 - Level 6.1 Air Magic


You had 3 spell levels left.
You knew the following spells:

 Your Spells              Type           Power        Failure   Level  Hunger
a - Summon Small Mammal   Summ           ####         1%          1    None
b - Call Imp              Summ           #####...     1%          2    #......
c - Call Canine Familiar  Summ           #####...     1%          3    ###....
d - Summon Ice Beast      Ice/Summ       ###.....     30%         4    ####...
e - Summon Lightning Spi  Summ/Air       #####...     9%          4    ####...

Your spell library contained the following spells:

 Spells                   Type           Power        Failure   Level  Hunger
 Shock                    Conj/Air       ###.         8%          1    None
 Summon Guardian Golem    Hex/Summ       ###.....     9%          3    ###....
 Swiftness                Chrm/Air       ###.....     12%         2    #......
 Static Discharge         Conj/Air       ###.....     22%         3    ###....
 Freeze                   Ice            #...         26%         1    None
 Frozen Ramparts          Ice            #.....       63%         3    ###....
 Ozocubu's Armour         Chrm/Ice       #.......     63%         3    ###....
 Airstrike                Air            ####......   22%         4    ####...
 Lightning Bolt           Conj/Air       ###.......   91%         5    ######.
 Hailstorm                Conj/Ice       #.......     95%         4    ####...


Dungeon Overview and Level Annotations

Branches:
Dungeon (9/15)             Temple (1/1) D:5             Orc (0/2) D:9
   Lair: D:8-11

Altars:
Ashenzari
Cheibriados
Dithmenos
Elyvilon
Fedhas
Hepliaklqana
Kikubaaqudgha
Makhleb
Nemelex Xobeh
Okawaru
Qazlal
Ru
Sif Muna
Uskayaw
Vehumet
Wu Jian
Xom
Yredelemnul
Zin
The Shining One

Shops:
D:6 [(!**   D:9 (

Annotations:
D:9 Erica


Innate Abilities, Weirdness & Mutations

You have a beak for a mouth.
You have claws for feet.
You can fly continuously.


Message History

The necrophage hits your wolf.
Unknown command.
Unknown command.
Casting: Call Imp (safe; 1% risk of failure)
Confirm with . or Enter, or press ? or * to list all spells.
A beastly little devil appears in a puff of flame.
You feel sick.
Your wolf bites the necrophage.
Your wolf bites the necrophage!
The necrophage is destroyed!
Okawaru accepts your kill. Something hits you. Something burns you.
Some of the chunks of flesh in your inventory have rotted away.
Casting: Call Imp (safe; 1% risk of failure)
Confirm with . or Enter, or press ? or * to list all spells.
A shadowy apparition takes form in the air.
You feel sick.
You hear some strange, mumbled words.
A bolt of poison appears from out of thin air!
The bolt of poison hits you!!
You are more poisoned.
You die...

#...)))...###.##
#...∩...### #.......# ####
#...>...# ##..###.......#
##.....#.......#
##.........5....#
##............5.5#
##.............@{.#
#.............#.h.##
##.............##...####
#..............###)....####
...............#
##.†.....##
...............#
#........###
...............#
##..........## #
...............#
#....(.......##.
.).............#
#.............8.


You could see a friendly wolf (summoned), 2 friendly crimson imps and a friendly
shadow imp (summoned).

Vanquished Creatures
  Maggie (D:8)
  An efreet (D:8)
  2 ice beasts
  An orc warrior (D:9)
  2 sky beasts
  A black bear (D:8)
  A centaur (D:9)
  2 bullfrogs
  A scorpion (D:7)
  A crimson imp (D:6)
  A centaur zombie (D:5)
  A quasit (D:8)
  3 orc priests
  5 hounds
  2 bullfrog skeletons
  3 jellies
  3 orc wizards
  2 worker ants (D:5)
  2 hound zombies
  8 adders
  A shadow imp (D:7)
  2 oozes
  An adder skeleton (D:4)
  3 worms
  5 dart slugs
  6 leopard geckos
  26 orcs
  2 ball pythons
  7 bats
  6 giant cockroaches
  10 goblins
  4 hobgoblins
  5 quokkas
  7 frilled lizards
  A giant cockroach zombie (D:5)
  6 kobolds
  A leopard gecko skeleton (D:4)
  A quokka skeleton (D:5)
  4 rats
  A butterfly (D:4)
142 creatures vanquished.

Vanquished Creatures (collateral kills)
  Grinder (D:3)
  2 hippogriffs (D:8)
  2 wyverns
  Sigmund (D:3)
  2 ice beasts
  An orc warrior (D:7)
  A necrophage (D:9)
  2 ogres
  2 phantoms
  A centaur (D:9)
  A nameless horror (D:7)
  4 bullfrogs
  A scorpion (D:4)
  3 killer bees (D:7)
  3 wights (D:8)
  A crimson imp (D:6)
  2 hounds
  A bullfrog skeleton (D:4)
  6 orc wizards
  2 worker ants
  A killer bee zombie (D:6)
  2 hound zombies
  7 adders
  An adder zombie (D:5)
  2 worms
  A leopard gecko (D:8)
  10 orcs
  4 bats
  3 hobgoblins
  2 quokkas
  A rat (D:1)
73 creatures vanquished.

Vanquished Creatures (others)
  A deep elf mage (D:8)
1 creature vanquished.

Grand Total: 216 creatures vanquished

Notes
Turn   | Place    | Note
-------+----------+-------------------------------------------
     0 | D:1      | gruber the Tengu Summoner began the quest for the Orb.
     0 | D:1      | Reached XP level 1. HP: 10/10 MP: 4/4
   160 | D:1      | Reached skill level 5 in Summonings
   460 | D:1      | Reached XP level 2. HP: 11/15 MP: 6/6
   684 | D:1      | Learned a level 2 spell: Call Imp
  1094 | D:1      | Reached XP level 3. HP: 19/19 MP: 7/7
  1112 | D:1      | Reached skill level 6 in Summonings
  1498 | D:1      | Learned a level 3 spell: Call Canine Familiar
  1899 | D:2      | Reached XP level 4. HP: 23/24 MP: 8/8
  2536 | D:3      | Noticed Grinder
  2545 | D:3      | Paralysed by Grinder for 7 turns
  2554 | D:3      | Killed Grinder
  2554 | D:3      | Reached skill level 8 in Summonings
  2554 | D:3      | Gained mutation: You can fly continuously. [Tengu growth]
  2554 | D:3      | Reached XP level 5. HP: 24/28 MP: 0/9
  2701 | D:3      | Reached skill level 1 in Fighting
  2716 | D:3      | Found a shadowy altar of Dithmenos.
  2925 | D:3      | Reached XP level 6. HP: 18/35 MP: 10/10
  3414 | D:3      | Noticed Sigmund
  3437 | D:3      | Killed Sigmund
  4130 | D:4      | Reached XP level 7. HP: 34/44 MP: 3/11
  4700 | D:4      | Found a shimmering altar of Xom.
  4787 | D:4      | Reached skill level 5 in Fighting
  5252 | D:5      | Entered Level 5 of the Dungeon
  5281 | D:5      | HP: 2/44 [ice beast (14)]
  6006 | D:5      | Found a staircase to the Ecumenical Temple.
  6015 | Temple   | Entered the Ecumenical Temple
  6045 | Temple   | Became a worshipper of Warmaster Okawaru
  6135 | D:5      | Found a blossoming altar of Fedhas.
  6136 | D:5      | Found a shimmering blue altar of Sif Muna.
  7485 | D:5      | Reached XP level 8. HP: 23/49 MP: 15/15
  7692 | D:5      | Learned a level 4 spell: Summon Ice Beast
  7697 | D:5      | Learned a level 4 spell: Summon Lightning Spire
  7782 | D:6      | Reached skill level 1 in Air Magic
  8050 | D:6      | Found Axzuahea's Antique Armour Shop.
  8053 | D:6      | Found Moskyral's Weapon Boutique.
  8056 | D:6      | Found Jeetoyl's Distillery.
  8057 | D:6      | Found Ykate's General Store.
  8198 | D:6      | Bought a potion of curing for 39 gold pieces
  8262 | D:6      | Found Cezosoc's General Store.
  8266 | D:6      | Bought a potion of degeneration for 14 gold pieces
  8362 | D:6      | Got a shimmering ring mail
  8507 | D:6      | Reached skill level 5 in Air Magic
  8688 | D:6      | Found an ornate altar of the Wu Jian Council.
  8693 | D:6      | Found a sparkling altar of Nemelex Xobeh.
  8693 | D:6      | Found a hazy altar of Hepliaklqana.
  8746 | D:6      | Reached * piety under Okawaru
  8849 | D:6      | Found a burning altar of Makhleb.
  9519 | D:7      | Reached skill level 9 in Summonings
 10484 | D:8      | Noticed a hippogriff
 10496 | D:8      | Killed a hippogriff
 10496 | D:8      | Reached XP level 9. HP: 42/54 MP: 6/16
 10618 | D:8      | Reached skill level 10 in Summonings
 10706 | D:8      | Identified the +9 ring mail "Hivezo" {rN+ Str+3} (You found
                  | it on level 6 of the Dungeon)
 10931 | D:8      | Reached ** piety under Okawaru
 10931 | D:8      | Reached skill level 1 in Armour
 11043 | D:8      | Noticed Maggie
 11085 | D:8      | Killed Maggie
 11664 | D:8      | Reached skill level 5 in Armour
 11704 | D:8      | Found a shimmering altar of Xom.
 11879 | D:8      | Noticed a deep elf mage
 11880 | D:8      | Noticed an efreet
 11885 | D:8      | Noticed a rust devil
 11887 | D:8      | Killed a deep elf mage
 11890 | D:8      | Killed an efreet
 11892 | D:8      | Reached *** piety under Okawaru
 12360 | D:9      | Found Melar's Weapon Shoppe.
 12360 | D:9      | Found a staircase to the Orcish Mines.
 12366 | D:9      | Reached XP level 10. HP: 46/60 MP: 14/17
 12618 | D:9      | Noticed Erica
 12654 | D:9      | Killed from afar by Erica

Illustrated notes

Levels and vault maps discovered:
D:1:      eino_arrival_water_star, layout_loops_corners
D:2:      layout_loops_ring
D:3:      layout_loops_ring, nicolae_dithmenos_through_a_glass_darkly,
          uniq_grinder, uniq_sigmund
D:4:      layout_rooms, xom_butterflies, first_ration
D:5:      layout_layer_cave, gammafunk_temple_overflow_statue, temple_statues
D:6:      layout_basic, makhleb_grotto_becter, minitemple, serial_shops,
          nicolae_shop_stone, shop_fountains, shop, shop, nicolae_shop_trees
D:7:      layout_basic
D:8:      minmay_blocky_corners, layout_cave_pods, xom_teletrap_fun, uniq_maggie
D:9:      layout_cave_pods, marbit_many_paths, nicolae_gozag_seed_capital,
          orc_david_3, uniq_erica, uniq_erolcha
Temple:   minmay_temple_bridge_abc

Skill      XL: |  1  2  3  4  5  6  7  8  9 10 |
---------------+-------------------------------+-----
Summonings     | 5 6 8 9 10 | 10.5
Fighting       | 2 4 5 6 7 |  7.3
Spellcasting   | 4 |  4.2
Air Magic      | 6 |  6.1
Armour         | 7 |  7.1
Dodging        | |  2.6
Stealth        | |  2.0

Action                   |  1- 3 |  4- 6 |  7- 9 | 10-12 || total
-------------------------+-------+-------+-------+-------++-------
Melee: Dagger            |    10 |       |       |       ||    10
       Unarmed           |     8 |       |       |       ||     8
       Kick              |    13 |    20 |    77 |     7 ||   117
       Peck              |     6 |    16 |    37 |     5 ||    64
       Hand axe          |    63 |   100 |   185 |       ||   348
       Spear             |       |       |    22 |       ||    22
       Scimitar          |       |       |    12 |    18 ||    30
Throw: Javelin           |       |     1 |       |       ||     1
 Cast: Summon Small Mamm |     7 |       |       |       ||     7
       Call Imp          |     3 |     8 |    40 |     3 ||    54
       Call Canine Famil |       |     5 |    42 |     3 ||    50
       Summon Lightning  |       |       |     9 |     2 ||    11
Evoke: Wand              |       |       |     4 |       ||     4
       Lightning rod     |       |       |       |     1 ||     1
  Use: Scroll            |       |       |    11 |       ||    11
 Stab: Sleeping          |     8 |     4 |    10 |       ||    22
       Distracted        |       |       |     4 |       ||     4
  Eat: Chunk             |     3 |     8 |    24 |     3 ||    38
       Ration            |       |       |     2 |       ||     2
Armor: Robe              |    19 |    22 |    24 |       ||    65
       Ring mail         |       |       |    32 |    13 ||    45
Dodge: Dodged            |    68 |    66 |   158 |    15 ||   307
       Rpst.: Scimitar   |       |       |       |     8 ||     8

Table legend:
 A = Non-vault XP
 B = Vault XP
 C = Vault XP percentage of total XP
 D = Non-vault monster count
 E = Vault monster count
 F = Vault count percentage of total count
                 A         B        C        D         E       F
            +---------+---------+-------+---------+---------+-------
      Total |    4095 |    1324 |  24.4 |     202 |      12 |   5.6
            +---------+---------+-------+---------+---------+-------
        D:1 |      46 |       0 |   0.0 |      24 |       0 |   0.0
        D:2 |      61 |       0 |   0.0 |      20 |       0 |   0.0
        D:3 |     178 |     245 |  57.9 |      38 |       2 |   5.0
        D:4 |     265 |       0 |   0.0 |      21 |       0 |   0.0
        D:5 |     447 |       0 |   0.0 |      23 |       0 |   0.0
        D:6 |     425 |      43 |   9.2 |      15 |       1 |   6.2
        D:7 |     579 |       0 |   0.0 |      20 |       0 |   0.0
        D:8 |    1101 |     921 |  45.5 |      20 |       5 |  20.0
        D:9 |     993 |     115 |  10.4 |      21 |       4 |  16.0
            +---------+---------+-------+---------+---------+-------
